 Dungeon Crawl Stone Soup version 0.21.1-1-g345015f (webtiles) character file.

58 Mesmaeker13 the Chiller (level 4, 0/27 HPs)
             Began as an Octopode Ice Elementalist on June 9, 2018.
             Succumbed to Robin's poison
             ... on level 2 of the Dungeon.
             The game lasted 00:02:28 (1547 turns).

Mesmaeker13 the Chiller (Octopode Ice Elementalist) Turns: 1547, Time: 00:02:29

Health: 0/27       AC:  1    Str: 12    XL:     4   Next: 2%
Magic:  7/7        EV: 14    Int: 18    God:
Gold:   29         SH:  0    Dex: 12    Spells: 4/7 levels left

rFire    . . .     SeeInvis .   c - +0 dagger
rCold    . . .     Gourm    .   (no shield)
rNeg     . . .     Faith    .   (helmet restricted)
rPois    .         Spirit   .   (no amulet)
rElec    .         Reflect  .   (no ring)
rCorr    .         Harm     .   (no ring)
MR       .....                  (no ring)
Stlth    +++.......             (no ring)
HPRegen  0.09/turn              (no ring)
MPRegen  0.10/turn              (no ring)
                                (no ring)
                                (no ring)

@: mighty, lethally poisoned (0 -> -13)
A: almost no armour, stealthy swim, amphibious, 8 rings, constrict 8, camouflage
1, gelatinous body 1
a: no special abilities


You were on level 2 of the Dungeon.
You were hungry.

You visited 1 branch of the dungeon, and saw 2 of its levels.

You collected 29 gold pieces.

Inventory:

Hand Weapons
 c - a +0 dagger (weapon)
Jewellery
 l - an uncursed ring of fire {unknown}
Scrolls
 e - 2 scrolls of noise {unknown}
 h - a scroll of remove curse {unknown}
 i - a scroll of identify {unknown}
 j - a scroll of enchant weapon {unknown}
Potions
 g - a potion of might
Books
 a - a book of Frost

   Spells                             Type                      Level
   a - Freeze                         Ice                          1
   b - Throw Frost                    Conjuration/Ice              2
   c - Ozocubu's Armour               Charms/Ice                   3
   d - Throw Icicle                   Conjuration/Ice              4
   e - Summon Ice Beast               Ice/Summoning                4
Comestibles
 b - 8 rations


   Skills:
 + Level 3.1 Dodging
 - Level 2.7 Stealth
 - Level 2.0 Spellcasting
 + Level 1.4 Conjurations
 + Level 3.8 Ice Magic


You had 4 spell levels left.
You knew the following spells:

 Your Spells              Type           Power        Failure   Level  Hunger
a - Freeze                Ice            ###.         3%          1    #......
b - Throw Frost           Conj/Ice       ##....       10%         2    ###....


Dungeon Overview and Level Annotations

Branches:
Dungeon (2/15)

Altars:

Annotations:
D:2 Robin


Innate Abilities, Weirdness & Mutations

You cannot wear most types of armour.
You are very stealthy in the water. (Stealth+)
You are amphibious.
You can wear up to eight rings at the same time.
You can use your tentacles to constrict eight enemies at once.
Your skin changes colour to match your surroundings (Stealth+).
Your rubbery body absorbs attacks. (AC +1, EV +1)


Message History

You feel sick.
Robin hits you from afar with a spear of venom.
* * * LOW HITPOINT WARNING * * *
You feel sick.
You see here a club.
* * * LOW HITPOINT WARNING * * *
You feel sick.
The hobgoblin no longer looks unusually strong.
Robin roars a battlecry!
The hobgoblin goes into a battle-frenzy!
* * * LOW HITPOINT WARNING * * *
You feel sick.
It was a potion of magic.
Magic courses through your body.
* * * LOW HITPOINT WARNING * * *
You feel sick.
* * * LOW HITPOINT WARNING * * *
You feel sick.
* * * LOW HITPOINT WARNING * * *
You feel sick.
You die...

..# ..# ### ##..# #
#.. #...## #.##.##
..... #.#...#####
#..#
#.........#######..#
###...###....@..g..#
##.## #########g##
#.# #)# #.#
#.############g# #.#
#...........##.# #.#
###########.##.# #.#
#(##.# #.# #.##.#
#.#
#.##.#########.##


You could see Robin and a hobgoblin.

Vanquished Creatures
  An adder (D:2)
  An ooze (D:1)
  2 dart slugs (D:1)
  2 leopard geckos (D:1)
  4 giant cockroaches
  12 goblins
  4 hobgoblins
  A kobold (D:1)
  A ball python (D:1)
  4 bats (D:1)
  3 rats (D:1)
35 creatures vanquished.

Notes
Turn   | Place    | Note
-------+----------+-------------------------------------------
     0 | D:1      | Mesmaeker13 the Octopode Ice Elementalist began the quest for the Orb.
     0 | D:1      | Reached XP level 1. HP: 11/11 MP: 3/3
   204 | D:1      | Reached XP level 2. HP: 7/17 MP: 0/5
   664 | D:1      | Reached XP level 3. HP: 10/21 MP: 2/6
  1366 | D:1      | Learned a level 2 spell: Throw Frost
  1425 | D:2      | Noticed Robin
  1524 | D:2      | Reached XP level 4. HP: 11/27 MP: 0/7
  1546 | D:2      | HP: 1/27 [poisoned by Robin]
  1547 | D:2      | Succumbed to Robin's poison

Skill      XL: |  1  2  3 |
---------------+----------+-----
Dodging        | 3 |  3.1
Stealth        | |  2.7
Spellcasting   | |  2.0
Conjurations   | |  1.4
Ice Magic      | |  3.8

Action                   |  1- 3 |  4- 6 || total
-------------------------+-------+-------++-------
Melee: Dagger            |    25 |       ||    25
       Constrict         |     9 |       ||     9
       Tentacles         |     2 |       ||     2
 Cast: Freeze            |    35 |     1 ||    36
       Throw Frost       |     2 |       ||     2
  Use: Potion            |     1 |     2 ||     3
 Stab: Sleeping          |     4 |       ||     4
  Eat: Chunk             |     2 |       ||     2
Armor: Skin              |     5 |     1 ||     6
Dodge: Dodged            |    50 |     1 ||    51
